cohdb
Replays
Latest Replays
All Replays
Popular Replays
Top Player Replays
Match Explorer
How It Works
Community
CoH3 Stats
Reddit
Sign in to upload your games and track your stats! →
Sign in with Steam
Match 45586802
Unlisted
Match 45586802
Overview
Messages
Build Orders
End
Kradschützen Motorcycle Team
Panzergrenadier Squad
Panzergrenadier Squad
Panzergrenadier Squad
Selects Armored Support Battlegroup
Selects Veteran Gunners
Construct Light Support Kompanie
Fire Support Elements
Combat Half-tracks
Pak 38 Mechanized Group
Pak 38 Anti-tank Gun Team
Construct Panzerarmee Kommand
Walking Stuka Rocket Launcher
Selects Salvage Kits
Walking Stuka Rocket Launcher
Pak 38 Mechanized Group
Walking Stuka Rocket Launcher
Selects Panzer Storm
Pak 38 Anti-tank Gun Team
Pak 38 Mechanized Group
Walking Stuka Rocket Launcher
牢虎
ionwood
JimBob
墨书
tiansheng_mao (盗号狗死一户口本)
[BxB] Victor
ö开挂死一户口本
0
0
Comments
sign in to comment!
No comments posted yet!